 Seeded DCSS version 0.29-a0-819-g94b489e0ae (webtiles) character file.

Game seed: 20220705 (custom seed)

77 flotson the Sneak (level 4, -10/52 HPs)
             Began as a Demonspawn Delver on July 5, 2022.
             Mangled by Crazy Yiuf
             ... wielding a +3 quarterstaff of chaos
              (14 damage)
             ... on level 2 of the Dungeon on July 6, 2022.
             The game lasted 00:04:48 (1909 turns).

flotson the Sneak (Demonspawn Delver)               Turns: 1909, Time: 00:04:48

Health: -10/52     AC: 11    Str: 17    XL:     4   Next: 13%
Magic:  4/4        EV: 12    Int: 11    God:
Gold:   95         SH:  0    Dex: 14    Spells: 3/3 levels left

rFire   . . .      SeeInvis .   a - +1 flail (protect)
rCold   + . .      Faith    .   j - orb {*Rage}
rNeg    . . .      Spirit   .   h - +1 robe of the Battered Songs {rC+ rCorr Str+2 Stlth-}
rPois   .          Reflect  .   (helmet restricted)
rElec   .          Harm     .   (no cloak)
rCorr   +          Rampage  .   (no gloves)
Will    .....      Rage     20% (no boots)
Stlth   ..........              (no amulet)
HPRegen 0.17/turn               l - +4 ring of slaying
MPRegen 0.09/turn               (no ring)

@: berserking, lethally poisoned (-10 -> -16), under a protective aura, very
quick
A: antennae 2, sharp scales 1
a: no special abilities


You were on level 2 of the Dungeon.
You visited 1 branch of the dungeon, and saw 5 of its levels.

You collected 95 gold pieces.

Inventory:

Hand Weapons
 a - a +1 flail of protection (weapon)
Missiles
 b - 5 poisoned darts (quivered)
Armour
 h - the +1 robe of the Battered Songs (worn) {rC+ rCorr Str+2 Stlth-}
   (You found it on level 5 of the Dungeon)

   Str:       It affects your strength (+2).
   rC:        It protects you from cold.
   rCorr:     It protects you from acid and corrosion.
   Stlth:     It makes you less stealthy.
 j - an orb of wrath (worn)
Jewellery
 l - a +4 ring of slaying (left hand)
Wands
 g - a wand of digging (3)
Scrolls
 c - a scroll of fog
 d - 4 scrolls of magic mapping
 e - a scroll of teleportation {unknown}
 k - 2 scrolls of noise {unknown}
 o - 4 scrolls of immolation {unknown}
 p - a scroll of vulnerability {unknown}
 q - a scroll of identify {unknown}
Potions
 f - a potion of ambrosia {unknown}
 i - a potion of haste
 m - a potion of mutation {unknown}
 n - a potion of lignification {unknown}
 r - a potion of heal wounds {unknown}


   Skills:
 + Level 3.3 Fighting
 + Level 0.9(1.5) Axes
 - Level 1.8(2.0) Polearms
 + Level 1.0 Throwing
 + Level 1.1 Armour
 + Level 2.2 Dodging
 + Level 4.8 Stealth
 + Level 1.1 Evocations


You had 3 spell levels left.
You didn't know any spells.
Your spell library contained the following spells:

 Spells                   Type           Power      Damage    Failure   Level
 Fireball                 Conj/Fire      0%         3d3       100%        5
 Iskenderun's Battlesphe  Conj           0%         2d6       100%        5
 Conjure Ball Lightning   Conj/Air       0%         3x3d6     100%        6
 Orb of Destruction       Conj           0%         9d5       100%        7


Dungeon Overview and Level Annotations

Branches:
Dungeon (5/15)
 Temple: D:4-7

Altars:

Shops:
D:3 [   D:5 *

Annotations:
D:2 Crazy Yiuf
D:5 Blork the orc


Innate Abilities, Weirdness & Mutations

You have a pair of antennae on your head.
You are partially covered in razor-sharp scales. (AC +1, Slay +1)


Message History

No target in view!
No target in view!
No target in view!
No target in view!
No target in view!
You feel yourself speed up.
You now have 95 gold pieces (gained 17).
Found a runed translucent door.
You recover from your berserk rage.
Crazy Yiuf shouts!
Press: ? - help, v - describe, . - travel, g - get item Item here: a runed hammer.
The floor.
You open the door. You closely miss Crazy Yiuf. Crazy Yiuf barely misses you.
Crazy Yiuf hits you with a +3 quarterstaff of chaos!
You are poisoned.
Crazy Yiuf attacks as you move away!
Crazy Yiuf hits you with a +3 quarterstaff of chaos!
A red film seems to cover your vision as you go berserk!
You feel yourself moving faster!
You feel mighty!
You feel very sick.
You are too berserk!
You barely miss Crazy Yiuf.
You feel very sick.
Crazy Yiuf hits you with a +3 quarterstaff of chaos!
* * * LOW HITPOINT WARNING * * *
You are too berserk!
You sock Crazy Yiuf!
Your weapon exudes an aura of protection.
Crazy Yiuf is severely wounded.
You feel sick.
Crazy Yiuf hits you with a +3 quarterstaff of chaos.
* * * LOW HITPOINT WARNING * * *
You barely miss Crazy Yiuf.
Crazy Yiuf is severely wounded.
* * * LOW HITPOINT WARNING * * *
You feel sick.
Crazy Yiuf hits you with a +3 quarterstaff of chaos!
You die...

#...# ###†##
##### #..#
#..)# ##.#####
#...# #.....#
... #.#....
#'# #.#.###
##g# #.#....
#@##
####.#..#.
##.#
#....##.#.
#.##
#.....#.##
##.##
#.....#..#
#..P##
####.###..
#PP..#
#####...##.
#....#
#....##..##
##..#####..†.#
##.#
#...........#
#


You could see Crazy Yiuf.

Vanquished Creatures
  Natasha (D:2)
  A worm (D:2)
  6 bats
  3 endoplasms
  3 giant cockroaches
  6 goblins
  5 hobgoblins
  A jackal (D:2)
  3 quokkas (D:1)
  5 ball pythons
  4 kobolds
  6 rats
44 creatures vanquished.

Notes
Turn   | Place    | Note
-------+----------+-------------------------------------------
     0 | D:5      | flotson the Demonspawn Delver began the quest for the Orb.
     0 | D:5      | Reached XP level 1. HP: 18/18 MP: 1/1
     0 | D:5      | Upgraded the game from 0.29-a0-817-g9904bce7a6 to
                  | 0.29-a0-819-g94b489e0ae
     1 | D:5      | Noticed a water moccasin
     6 | D:5      | Identified the +1 robe of the Battered Songs {rC+ rCorr
                  | Str+2 Stlth-}
   100 | D:5      | Noticed Blork the orc
   139 | D:5      | Noticed a necrophage
   141 | D:5      | Found Nuqeteer's General Store.
   197 | D:3      | Found Seid's Armour Shoppe.
   307 | D:3      | Noticed a phantom
   430 | D:1      | Found a faded altar of an unknown god.
   530 | D:1      | Gained mutation: You have a pair of small antennae on your
                  | head. [demonic ancestry]
   530 | D:1      | Reached XP level 2. HP: 23/24 MP: 2/2
   778 | D:1      | Gained mutation: You are partially covered in razor-sharp
                  | scales. (AC +1, Slay +1) [demonic ancestry]
   778 | D:1      | Reached XP level 3. HP: 22/29 MP: 3/3
  1555 | D:2      | Noticed Natasha
  1560 | D:2      | Killed Natasha
  1561 | D:2      | Reached skill level 1 in Throwing
  1561 | D:2      | Reached skill level 1 in Armour
  1561 | D:2      | Reached skill level 1 in Evocations
  1561 | D:2      | Gained mutation: You have a pair of antennae on your head.
                  | [demonic ancestry]
  1561 | D:2      | Reached XP level 4. HP: 10/35 MP: 4/4
  1900 | D:2      | Found a runed translucent door.
  1901 | D:2      | Noticed Crazy Yiuf
  1909 | D:2      | Mangled by Crazy Yiuf

Illustrated notes

Levels and vault maps discovered:
D:1:      moated_graveyard_arrival, layout_basic, serial_forest,
          infiniplex_forest_clump_medium, infiniplex_forest_diagonal,
          infiniplex_forest_lined_room_3, infiniplex_forest_clump_double,
          infiniplex_forest_clump_C, infiniplex_forest_lined_2,
          ebering_ecumenical_altar_mist, minmay_stone_trees_small
D:2:      minmay_evil_eye, layout_rooms, uniq_crazy_yiuf_cottage, uniq_natasha
D:3:      layout_basic, serial_shops, nicolae_shop_waterfront,
          nrook_mini_vaults, kennysheep_crisscross,
          chequers_serial_rivers_marsh, minmay_tree_intersection
D:4:      layout_cave_pods, elyvilon_altar_5, jmf_multi_god_temple,
          minmay_temple_entry_junction, uniq_sigmund, uniq_ijyb, uniq_pikel
D:5:      layout_cave_pods, kennysheep_mini, serial_shops,
          nicolae_shop_advertising_works [nicolae_subvault_shop_adworks],
          chequers_serial_rivers_room_b, uniq_blork_the_orc

Skill      XL: |  1  2  3 |
---------------+----------+-----
Dodging        | 2 |  2.2
Throwing       | 1 |  1.0
Armour         | 1 |  1.1
Evocations     | 1 |  1.1
Fighting       | |  3.3
Axes           | |  0.9
Polearms       | |  1.8
Stealth        | |  4.8

Action                   |  1- 3 |  4- 6 || total
-------------------------+-------+-------++-------
Melee: Spear             |    13 |       ||    13
       Flail             |    70 |    16 ||    86
  Use: Scroll            |     2 |       ||     2
       Potion            |     1 |       ||     1
 Stab: Sleeping          |     1 |     1 ||     2
       Distracted        |     1 |       ||     1
Armor: Robe              |    53 |     6 ||    59
Dodge: Dodged            |    73 |    10 ||    83

Table legend: (Time is in decaauts)
 A = Elapsed time spent in this place.
 B = Non-inter-level travel time spent in this place.
 C = Inter-level travel time spent in this place.
 D = Time resting spent in this place.
 E = Time spent auto-exploring this place.
 F = Levels seen in this place.
 G = Mean time per level.
                   A        B        C        D        E       F      G
               +--------+--------+--------+--------+--------+-----+--------+
         Total |   1990 |   1982 |      8 |     14 |   1431 |   5 |  398.0 |
       Dungeon |   1990 |   1982 |      8 |     14 |   1431 |   5 |  398.0 |
               +--------+--------+--------+--------+--------+-----+--------+

Top non-repeatable levels by time:
     D:1: 950 daAuts
     D:2: 688 daAuts
     D:3: 176 daAuts
     D:5: 128 daAuts
     D:4: 45 daAuts
